 Dungeon Crawl Stone Soup version 0.24.1-14-gf8d2b509d9 (webtiles) character file.

Game seed: 2068101739497355620, levelgen mode: deterministic

467124 tkbsonic5 the Warrior (level 24, -14/106 HPs)
             Began as a Vine Stalker Artificer on Jan 10, 2023.
             Was a Follower of Uskayaw.
             Killed from afar by an ancient lich (26 damage)
             ... with a poison arrow
             ... on level 5 of the Vaults on Feb 22, 2023.
             The game lasted 06:53:52 (44977 turns).

tkbsonic5 the Warrior (Vine Stalker Artificer)     Turns: 44977, Time: 06:53:53

Health: -14/106    AC: 24    Str: 31    XL:     24   Next: 60%
Magic:  0/34       EV: 15    Int: 14    God:    Uskayaw [*.....]
Gold:   539        SH: 23    Dex: 15    Spells: 4/42 levels left

rFire    . . .     SeeInvis .   G - +9 spear of Yriz Zibom {speed, rC+ Int+4, "Silkworm"}
rCold    + . .     Gourm    .   t - +2 shield
rNeg     . . .     Faith    .   l - +7 chain mail {MR+}
rPois    +         Spirit   +   (helmet restricted)
rElec    .         Reflect  +   r - +2 cloak {rPois}
rCorr    .         Harm     .   q - +1 pair of gloves {Str+3}
MR       +++++                  K - +1 pair of boots
Stlth    ..........             w - +6 amulet of reflection
HPRegen  2.07/turn              M - ring of protection from magic
MPRegen  0.24/turn              N - +4 ring of strength

@: lethally poisoned (-14 -> -15), sluggish, singing, regenerating, lightly
drained, very slow
A: fangs 3, horns 1, deformed body, dopey 1, frail 2, low mp 1, regeneration 2,
weak 1, magic shield, antimagic bite, no potion heal 3, rot immunity, MP-powered
wands
}: 2/15 runes: decaying, serpentine
a: Stomp, Renounce Religion


You were on level 5 of the Vaults.
You worshipped Uskayaw.
Uskayaw was pleased with you.
You were not hungry.

You visited 8 branches of the dungeon, and saw 46 of its levels.
You also visited: Sewer and Ice Cave.

You collected 4171 gold pieces.
You spent 3632 gold pieces at shops.

Inventory:

Hand Weapons
 e - a +4 demon trident of flaming
 o - the +9 hand crossbow of False Accusations {elec, +Fly rPois rF+}
   (You found it on level 4 of the Depths)

   It charges the ammunition it shoots with electricity; occasionally upon a
   hit, such missiles may discharge and cause terrible harm.
   It protects you from fire.
   It protects you from poison.
   It lets you fly.
 y - the +10 longbow of Triumph {freeze, rN+++ MR+ Str+2 Int-5}
   (You found it on level 4 of the Vaults)

   It causes projectiles fired from it to freeze those they strike, causing
   extra injury to most foes and up to half again as much damage against
   particularly susceptible opponents.
   They can also slow down cold-blooded creatures.
   It affects your strength (+2).
   It affects your intelligence (-5).
   It renders you almost immune to negative energy.
   It affects your resistance to hostile enchantments.
 G - the +9 spear of Yriz Zibom (weapon) {speed, rC+ Int+4, "Silkworm"}
   (You found it on level 5 of the Dungeon)

   Attacks with this weapon are significantly faster.
   It affects your intelligence (+4).
   It protects you from cold.
Missiles
 a - 67 poisoned darts
 b - 12 datura-tipped darts
 i - 6 boomerangs
 V - 798 bolts
 Y - 6 curare-tipped darts
 Z - 5 javelins (quivered)
Armour
 l - a +7 chain mail of magic resistance (worn)
 m - a +2 large shield
 q - a +1 pair of gloves of strength (worn)
 r - a +2 cloak of poison resistance (worn)
 t - a +2 shield (worn)
 E - the +2 ratskin cloak {+Rats rPois rN+ Str-1 Int-1 Dex+1}
   (You found it on level 4 of the Depths)

   It affects your strength (-1).
   It affects your intelligence (-1).
   It affects your dexterity (+1).
   It protects you from poison.
   It protects you from negative energy.
 F - a +1 chain mail of fire resistance
 K - a +1 pair of boots (worn)
Jewellery
 h - an uncursed ring of see invisible
 w - a +6 amulet of reflection (around neck)
 z - an uncursed ring of resist corrosion
 B - the ring "Wiolao" {+Fly MP+9 Stlth+}
   (You bought it in a shop on level 3 of the Depths)

   [ring of magical power]

   It affects your magic capacity (+9).
   It lets you fly.
   It makes you more stealthy.
 C - an uncursed ring of magical power
 H - an uncursed amulet of regeneration
 J - an uncursed ring of magical power
 L - an uncursed ring of protection from cold
 M - a ring of protection from magic (left hand)
 N - a +4 ring of strength (right hand)
 P - an uncursed ring of protection from cold
 R - an uncursed ring of fire
 S - an uncursed ring of protection from magic
 T - an uncursed amulet of magic regeneration
 U - an uncursed ring of positive energy
Wands
 c - a wand of flame (30)
 d - a wand of disintegration (5)
 I - a wand of digging (6)
 W - a wand of iceblast (3)
Scrolls
 g - a scroll of amnesia
 s - 6 scrolls of immolation
 u - 21 scrolls of remove curse
 v - a scroll of magic mapping
Potions
 k - 18 potions of curing
 A - 2 potions of brilliance
Miscellaneous
 j - a fan of gales (inert)
 n - a lamp of fire (inert)
 p - a crystal ball of energy
Comestibles
 f - 18 rations


   Skills:
 * Level 15.8(15.4) Fighting
   Level 2.6(2.4) Short Blades
 - Level 13.1(12.7) Polearms
   Level 0.6(6.1) Slings
 - Level 3.7(3.4) Bows
 - Level 10.2(9.9) Throwing
 + Level 12.8(12.5) Armour
 + Level 10.5(10.2) Dodging
 - Level 4.1(3.8) Stealth
 * Level 14.7(14.3) Shields
 - Level 1.2(0.9) Unarmed Combat
 * Level 9.8(9.4) Spellcasting
 * Level 8.9(8.6) Hexes
 * Level 9.4(9.1) Charms
 - Level 4.9(4.6) Summonings
 * Level 7.7(7.4) Necromancy
 * Level 4.2(3.9) Translocations
 - Level 2.9(2.6) Transmutations
 - Level 12.6(12.3) Invocations
 - Level 12.0(11.7) Evocations


You had 4 spell levels left.
You knew the following spells:

 Your Spells              Type           Power        Failure   Level  Hunger
a - Summon Butterflies    Summ           ###.....     6%          1    None
b - Apportation           Tloc           ###...       9%          1    None
c - Corona                Hex            ####...      1%          1    None
d - Tukima's Dance        Hex            ####....     3%          3    #......
e - Infusion              Chrm           ####         1%          1    None
g - Passwall              Tmut/Erth      ##......     34%         2    None
h - Song of Slaying       Chrm           ####....     1%          2    None
i - Swiftness             Chrm/Air       ###.....     10%         2    None
j - Conjure Flame         Conj/Fire      #.......     77%         3    #......
l - Shroud of Golubria    Chrm/Tloc      ###...       4%          2    None
m - Slow                  Hex            ####....     1%          2    None
n - Confusing Touch       Hex            ####..       1%          1    None
o - Animate Skeleton      Necr           N/A          1%          1    None
p - Spectral Weapon       Hex/Chrm       ####....     3%          3    #......
q - Regeneration          Chrm/Necr      ####......   4%          3    #......
r - Blink                 Tloc           N/A          12%         2    None
s - Cause Fear            Hex            ####......   12%         4    ###....
t - Animate Dead          Necr           N/A          19%         4    ###....

Your spell library contained the following spells:

 Spells                   Type           Power        Failure   Level  Hunger
 Summon Small Mammal      Summ           ###.         6%          1    None
 Call Imp                 Summ           ###.....     9%          2    None
 Portal Projectile        Hex/Tloc       ###...       10%         3    #......
 Inner Flame              Hex/Fire       ###.....     21%         3    #......
 Recall                   Summ/Tloc      N/A          22%         3    #......
 Lesser Beckoning         Tloc           ###.......   24%         3    #......
 Flame Tongue             Conj/Fire      #....        38%         1    None
 Magic Dart               Conj           #...         38%         1    None
 Sandblast                Erth           #.....       38%         1    None
 Shock                    Conj/Air       #...         38%         1    None
 Poisonous Vapours        Pois/Air       #.....       52%         2    None
 Leda's Liquefaction      Hex/Erth       ###.......   56%         4    ###....
 Mephitic Cloud           Conj/Pois/Air  #.......     77%         3    #......
 Static Discharge         Conj/Air       #.......     77%         3    #......
 Stone Arrow              Conj/Erth      #.....       77%         3    #......
 Summon Lightning Spire   Summ/Air       ##......     83%         4    ###....
 Force Lance              Conj/Tloc      ##......     88%         4    ###....
 Ice Form                 Ice/Tmut       ##......     93%         4    ###....
 Petrify                  Tmut/Erth      ##......     93%         4    ###....
 Airstrike                Air            #.........   99%         4    ###....
 Invisibility             Hex            ####....     87%         6    ######.
 Metabolic Englaciation   Hex/Ice        ###.......   88%         5    #####..
 Silence                  Hex/Air        ###.......   88%         5    #####..
 Borgnjor's Vile Clutch   Necr/Erth      ###.......   94%         5    #####..
 Death Channel            Necr           ####......   96%         6    ######.
 Alistair's Intoxication  Tmut/Pois      ##......     100%        5    #####..
 Fireball                 Conj/Fire      #.........   100%        5    #####..
 Lee's Rapid Deconstruct  Erth           #.........   100%        5    #####..
 Lightning Bolt           Conj/Air       #.........   100%        5    #####..
 Bolt of Cold             Conj/Ice       #.........   100%        6    ######.
 Conjure Ball Lightning   Conj/Air       #.........   100%        6    ######.
 Deflect Missiles         Chrm/Air       ###.......   100%        6    ######.
 Freezing Cloud           Conj/Ice/Air   #.........   100%        6    ######.
 Ozocubu's Refrigeration  Ice            #.........   100%        6    ######.
 Simulacrum               Ice/Necr       ###.......   100%        6    ######.
 Ring of Flames           Chrm/Fire      ###.......   100%        7    #######
 Tornado                  Air            #.........   100%        9    #######


Dungeon Overview and Level Annotations

Branches:
Dungeon (15/15)            Temple (0/1) D:6            Lair (6/6) D:11
  Swamp (4/4) Lair:4        Snake (4/4) Lair:2        Slime (5/5) Lair:5
    Orc (2/2) D:12            Elf (0/3) Orc:2        Vaults (5/5) D:13
  Crypt (0/3) Vaults:3     Depths (5/5) D:15            Zot (0/5) Depths:5
  Sewer (visited)           IceCv (visited)

Altars:
Ashenzari
Cheibriados
Dithmenos
Fedhas
Gozag
Hepliaklqana
Nemelex Xobeh
Okawaru
Qazlal
Ru
Sif Muna
Trog
Uskayaw
Wu Jian
Zin
Jiyva

Shops:
D:10 *   D:15 *   Orc:2 [*(%   Snake:1 }*}   Snake:2 *   Snake:4 =   Vaults:1 (
Vaults:3 %   Vaults:4 (   Vaults:5 :   Depths:3 !%*=

Portals:
Hell: Depths:1 Depths:2 Depths:3 Depths:4
Abyss: Depths:2 Depths:3 Depths:4
Pandemonium: Depths:2 Depths:3
Ziggurat: Depths:1

Annotations:
D:2 1 runed translucent door, Crazy Yiuf
D:9 2 transporters
D:15 Roxanne
Lair:1 exclusion: oklob plant, Nergalle
Lair:4 exclusion: 3 oklob plants
Lair:5 exclusion: oklob plant
Snake:2 3 runed translucent doors, exclusion: obsidian statue, Liforeniyw's ghost, adept MiBe
Slime:5 Royal Jelly
Depths:1 1 runed translucent door
Depths:3 exclusion: obsidian statue
Depths:4 3 runed translucent doors


Innate Abilities, Weirdness & Mutations

You have razor-sharp teeth.
You heal very quickly.
When hurt, damage is shared between your health and your magic reserves.
Your bite disrupts and absorbs the magic of your enemies.
Potions cannot restore your health.
You are immune to rotting.
You have a pair of small horns on your head.
Armour fits poorly on your strangely shaped body.
You are dopey. (Int -2)
You are very frail. (-20% HP)
Your magical capacity is low. (-10% MP)
You are weak. (Str -2)
You expend magic power (3 MP) to strengthen your wands.


Message History

You hear a shout! x2
A titan comes into view.
The ancient lich touches you.
* * * LOW HITPOINT WARNING * * *
You feel drained.
* * * LOW HITPOINT WARNING * * *
You feel sluggish.
You hear an angry buzzing noise.
The ancient lich gestures wildly while chanting.
The ancient lich seems to speed up.
You hear a shout! x2; You hear two shouts!
The two-headed ogre barely misses you. You block the two-headed ogre's attack.
A hornet comes into view.
The hornet changes into a crocodile!
The two-headed ogre misses you. You block the two-headed ogre's attack.
The ancient lich gestures at you while chanting.
The poison arrow hits you!!
You are poisoned.
You partially resist.
You die...

O#.#.#p#.#.#.#.#.#)##....#,,*,,,*
#.#.#.#.#.#.#.#.#)#.#....#,,+,,,*
.#e#.#c#.#.#.#.#.#p##....#..#,,,*
#.#.#V#.#.#.#.#.#.#.#....#H.####*
c#c#O#.#.#.#)#)#.#.#t....#......,
#V#.#.#c#.#)#.#.#.#......#.....,,
.#c#e#.#.#(#(#.#.#...(.........,,
#################.......(..#####*
..°°°.....Q.L.L.@...[[<<........,
.o°°..........9.OC...<[.<.O.....,
eo..°....4...........)<<........,
C..............*............$...,
###################...%....#####*
...,,,,,,,,,,,,,......))......#*,
...,,,,,,,,,,,,,....#...)#......,
#..*********,,**##..#..[†#......,
*,,,,,,*,,,,,,*,,...#...(#......*


You could see a titan, 2 ancient liches, a tengu reaver, a two-headed ogre, a
war gargoyle, an ice devil, a crocodile shaped shifter and a battlesphere.

Vanquished Creatures
  A juggernaut (Depths:2)
  Frederick (Vaults:4)
  Vashnia (Snake:2)
  A golden dragon (Depths:2)
  Nikola (Vaults:1)
  Jory (Vaults:5)
  A lich (Depths:4)
  Rupert (Orc:2)
  3 quicksilver dragons
  3 tentacled monstrosities (Vaults:5)
  A titan (Depths:4)
  22 acid blobs
  Frances (D:14)
  6 sphinxes
  A shadow dragon (Depths:4)
  10 azure jellies
  3 thorn hunters
  Agnes (Snake:2)
  A storm dragon (Depths:4)
  Kirke (Swamp:1)
  2 tengu reavers
  13 nagarajas
  5 fire giants
  2 deep elf sorcerers
  10 frost giants
  An iron dragon (Depths:5)
  13 vault wardens
  A deep elf elementalist (Vaults:5)
  A war gargoyle (Vaults:4)
  19 very ugly things
  18 ironheart preservers
  A spriggan defender (Depths:2)
  2 vampire knights (Depths:2)
  An entropy weaver (Vaults:5)
  16 stone giants
  A deep elf demonologist (Depths:2)
  Azrael (Snake:2)
  A dire elephant (Lair:5)
  A spark wasp (Depths:2)
  10 ettins
  A deep elf death mage (Vaults:5)
  9 fire dragons
  A deep elf high priest (Depths:4)
  2 death oozes
  17 great orbs of eyes
  A merfolk impaler (Depths:1)
  Harold (D:8)
  10 ogre magi
  6 yaktaur captains
  6 ice dragons
  26 hydras
  19 naga warriors
  4 rakshasas
  35 vault guards
  A catoblepas (shapeshifter) (Depths:3)
  A juggernaut simulacrum (Depths:4)
  3 spriggan air magi
  A shambling mangrove (Swamp:3)
  8 anacondas
  7 centaur warriors
  32 two-headed ogres
  6 death yaks (Lair:5)
  11 alligators
  2 tengu warriors
  A death knight (Vaults:4)
  4 deep troll earth magi
  A deep troll shaman (Vaults:2)
  15 naga sharpshooters
  A titan zombie (Depths:4)
  6 spriggan berserkers
  3 orc high priests (Orc:2)
  7 shock serpents
  A soul eater (Depths:3)
  5 sun demons (Depths:3)
  4 deep elf knights
  A salamander mystic (Snake:2)
  A fire crab (Lair:6)
  A sixfirhy (Depths:3)
  4 hell knights
  22 deep trolls
  A shadow demon (Depths:3)
  5 skeletal warriors (Vaults:3)
  4 shadow wraiths
  13 swamp dragons
  A spriggan druid (Swamp:4)
  A flayed ghost (Depths:5)
  5 unseen horrors
  2 deep elf archers (Vaults:3)
  Pikel (D:7)
  A storm dragon skeleton (Depths:4)
  6 glowing orange brains
  4 wizards
  6 naga ritualists (Snake:4)
  7 ironbrand convokers
  7 mana vipers
  5 deep elf magi
  3 phantasmal warriors
  8 necromancers
  16 orc knights
  3 manticores
  2 wolf spiders
  7 shining eyes
  An iron dragon zombie (Depths:4)
  A golden dragon skeleton (Depths:4)
  6 orc sorcerers
  43 ugly things
  3 cyclopes
  A sphinx skeleton (Vaults:3)
  6 salamanders
  2 tengu skeletons (Vaults:3)
  4 large abominations (Depths:2)
  12 guardian serpents
  A rust devil (Depths:2)
  14 elephants
  34 black mambas
  A fire giant skeleton (Vaults:3)
  16 naga magi
  2 frost giant skeletons
  2 stone giant skeletons (Vaults:3)
  An elephant (shapeshifter) (Depths:5)
  16 vault sentinels
  2 orange demons (Depths:3)
  2 eyes of devastation
  2 eyes of devastation (shapeshifter)
  A smoke demon (Depths:3)
  14 spiny frogs
  A gargoyle (D:12)
  3 molten gargoyles (Lair:6)
  A guardian serpent (shapeshifter) (Depths:1)
  A kobold demonologist (D:13)
  A titan simulacrum (Depths:4)
  18 komodo dragons
  10 rime drakes
  7 freezing wraiths
  A komodo dragon (shapeshifter) (Vaults:5)
  4 ice devils
  3 tengu conjurers
  14 yaktaurs
  A hellwing (Depths:3)
  4 red devils (Depths:3)
  8 tyrant leeches
  A tormentor (Depths:3)
  7 trolls
  7 polar bears
  A hornet (shapeshifter) (Vaults:2)
  90 slime creatures
  18 blink frogs
  18 hippogriffs
  17 hornets
  A dream sheep (shapeshifter) (Vaults:5)
  6 bog bodies
  A meliai zombie (D:13)
  2 redbacks
  2 wraiths
  2 ettin skeletons (Vaults:3)
  5 shadows
  Sigmund (D:1)
  10 spriggans
  7 water elementals
  3 fire elementals (Snake:2)
  A spriggan (shapeshifter) (D:15)
  A basilisk (shapeshifter) (Vaults:4)
  A hog (shapeshifter) (Vaults:4)
  A human (Swamp:1)
  2 golden eyes
  3 hogs (Swamp:1)
  9 basilisks
  10 wyverns
  15 yaks
  9 vampire mosquitoes
  A yaktaur simulacrum (Vaults:3)
  A human simulacrum (Vaults:2)
  4 hungry ghosts
  A chaos spawn (Depths:2)
  7 wargs
  9 insubstantial wisps (Swamp:4)
  17 swamp worms
  80 nagas
  A soldier ant (D:13)
  13 water moccasins
  Menkaure (D:7)
  A swamp worm (shapeshifter) (Vaults:1)
  3 acid dragons
  2 floating eyes
  A deep troll skeleton (Vaults:3)
  5 hell hounds
  14 porcupines
  26 orc warriors
  10 swamp drakes
  An ice beast (D:12)
  2 sky beasts
  A black bear (D:10)
  2 eyes of draining
  A slave (D:7)
  5 phantoms
  2 necrophages
  3 boggarts (D:15)
  An eye of draining (shapeshifter) (Vaults:4)
  23 ogres
  11 wolves
  3 centaurs
  8 small abominations (Depths:2)
  13 crocodiles
  A human zombie (Vaults:3)
  2 big kobolds
  A gnoll sergeant (D:11)
  A glowing shapeshifter simulacrum (Vaults:2)
  A wyvern zombie (D:15)
  12 bullfrogs
  6 human skeletons (Vaults:3)
  4 scorpions
  12 killer bees
  5 wights (D:13)
  3 howler monkeys (D:12)
  5 lava snakes (Lair:6)
  3 bullfrog zombies
  3 centaur zombies
  4 quasits
  23 crimson imps
  2 jellies
  19 orc priests
  24 orc wizards
  8 hounds
  5 iron imps
  A centaur skeleton (D:12)
  2 bullfrog skeletons
  4 hell rats (Lair:2)
  8 worker ants
  Natasha (twice) (D:3)
  2 iguanas
  3 hound skeletons
  A howler monkey skeleton (D:7)
  A worker ant zombie (D:8)
  Robin (D:2)
  13 gnolls
  8 adders
  2 river rats (D:4)
  4 shadow imps
  A white imp (Depths:3)
  2 oozes
  An adder zombie (D:7)
  2 dart slugs (D:2)
  3 leopard geckos
  68 orcs
  2 ball pythons
  5 bats
  6 giant cockroaches
  12 goblins
  7 hobgoblins
  3 jackals
  3 quokkas
  4 frilled lizards
  A giant cockroach zombie (D:5)
  A jackal skeleton (D:2)
  13 kobolds
  6 rats
  3 spectral weapons
1702 creatures vanquished.

Vanquished Creatures (collateral kills)
  A vault warden (Vaults:4)
  Aizul (Snake:1)
  A fire dragon (Vaults:3)
  2 naga warriors
  2 anacondas (Snake:1)
  A shock serpent (Snake:2)
  2 naga sharpshooters
  2 naga ritualists (Snake:4)
  A salamander (Snake:1)
  A naga mage (Snake:1)
  A naga (Snake:4)
  An orc warrior (Orc:1)
  An orc priest (Orc:1)
  2 orc wizards (Orc:1)
  Natasha (D:3)
  An adder (D:3)
  A gnoll (D:6)
  8 orcs
  A bat (D:3)
  A kobold (D:3)
32 creatures vanquished.

Vanquished Creatures (others)
  Asterion (Snake:3)
  An ironheart preserver (Vaults:1)
  4 very ugly things (Depths:3)
  3 stone giants
  A spark wasp (Depths:5)
  4 yaktaur captains
  An ice dragon (Depths:3)
  2 naga sharpshooters
  A shadow wraith (Vaults:4)
  A deep troll (Vaults:1)
  2 ugly things (Depths:3)
  2 cyclopes
  A naga mage (Snake:2)
  2 vault sentinels
  7 yaktaurs
  A centaur (D:7)
  A naga (Snake:3)
  An acid dragon (Vaults:1)
  A porcupine (D:11)
  2 orc warriors
  2 orc wizards (D:7)
  A gnoll (D:6)
  An adder (D:11)
  A leopard gecko (D:7)
  4 orcs
  2 jackals (D:1)
  A briar patch (Swamp:2)
  10 fungi
  10 plants
  15 spectral weapons
86 creatures vanquished.

Grand Total: 1820 creatures vanquished

Notes
Turn   | Place    | Note
-------+----------+-------------------------------------------
     0 | D:1      | tkbsonic5 the Vine Stalker Artificer began the quest for
                  | the Orb.
     0 | D:1      | Reached XP level 1. HP: 9/9 MP: 3/3
    47 | D:1      | Reached skill level 1 in Fighting
    47 | D:1      | Reached skill level 1 in Short Blades
    49 | D:1      | Reached XP level 2. HP: 8/14 MP: 3/5
   367 | D:1      | You fall into a shaft and drop 1 floor!
   386 | D:2      | Noticed Robin
   941 | D:1      | Reached XP level 3. HP: 5/18 MP: 6/6
  1290 | D:2      | Noticed Sigmund
  1331 | D:1      | Killed Sigmund
  1331 | D:1      | Reached skill level 1 in Unarmed Combat
  1331 | D:1      | Reached skill level 1 in Spellcasting
  1331 | D:1      | Gained mutation: Your natural rate of healing is unusually
                  | fast. [Vine Stalker growth]
  1331 | D:1      | Reached XP level 4. HP: 23/23 MP: 7/7
  1331 | D:1      | Reached XP level 5. HP: 26/26 MP: 8/8
  1627 | D:2      | Found a runed translucent door.
  1628 | D:2      | Noticed Crazy Yiuf
  1663 | D:2      | Reached skill level 2 in Fighting
  1663 | D:2      | Reached XP level 6. HP: 23/30 MP: 7/9
  1755 | D:2      | Reached skill level 1 in Polearms
  1756 | D:2      | Killed Robin
  2158 | D:3      | Noticed Natasha
  2164 | D:3      | Killed Natasha
  2182 | D:3      | Noticed Natasha
  2187 | D:3      | Killed Natasha
  2222 | D:3      | Noticed Natasha
  2226 | D:3      | Killed Natasha
  2502 | D:3      | Reached skill level 1 in Throwing
  2502 | D:3      | Reached XP level 7. HP: 35/35 MP: 10/10
  2511 | D:3      | Found a bloodstained altar of Trog.
  2778 | D:3      | Found a hazy altar of Hepliaklqana.
  2778 | D:3      | Found an ornate altar of the Wu Jian Council.
  2810 | D:4      | Found a hide-covered altar of Uskayaw.
  2818 | D:4      | Became a worshipper of Uskayaw the Reveler
  2874 | D:4      | Reached * piety under Uskayaw
  2952 | D:4      | Reached ** piety under Uskayaw
  3024 | D:4      | Got a distressingly furry robe
  3025 | D:4      | Identified the +1 robe of Heresy {rElec rF- SInv} (You
                  | found it on level 4 of the Dungeon)
  3217 | D:4      | Found a glowing drain.
  3252 | Sewer    | Entered a sewer
  3322 | Sewer    | Reached skill level 3 in Fighting
  3322 | Sewer    | Reached skill level 1 in Invocations
  3496 | D:5      | Entered Level 5 of the Dungeon
  3624 | D:5      | Found a snail-covered altar of Cheibriados.
  3705 | D:5      | Reached skill level 1 in Shields
  3722 | D:5      | Gained mutation: You have razor-sharp teeth. [Vine Stalker
                  | growth]
  3722 | D:5      | Reached XP level 8. HP: 34/40 MP: 2/12
  3931 | D:5      | Found a shattered altar of Ashenzari.
  3932 | D:5      | Found a sparkling altar of Nemelex Xobeh.
  3969 | D:5      | Got a twisted spear
  3971 | D:5      | Identified the +9 spear of Yriz Zibom {speed, rC+ Int+4}
                  | (You found it on level 5 of the Dungeon)
  4115 | D:5      | Reached *** piety under Uskayaw
  4119 | D:5      | Reached **** piety under Uskayaw
  4129 | D:5      | Reached ***** piety under Uskayaw
  4486 | D:6      | Found a staircase to the Ecumenical Temple.
  4614 | D:6      | Reached skill level 4 in Fighting
  4710 | D:6      | Got a slimy ring mail
  4917 | D:6      | Found a stormy altar of Qazlal.
  5139 | D:6      | Reached XP level 9. HP: 46/46 MP: 13/13
  5290 | D:7      | Found a blossoming altar of Fedhas.
  5306 | D:7      | Gained mutation: You expend magic power (3 MP) to
                  | strengthen your wands. [potion of mutation]
  5306 | D:7      | Gained mutation: You have a pair of small horns on your
                  | head. [potion of mutation]
  5350 | D:7      | Noticed Menkaure
  5354 | D:7      | Killed Menkaure
  5411 | D:7      | Noticed Pikel
  5442 | D:7      | Killed Pikel
  5442 | D:7      | Reached skill level 5 in Fighting
  5660 | D:7      | Found an iron altar of Okawaru.
  5795 | D:7      | Found a sacrificial altar of Ru.
  5934 | D:7      | Found a shimmering blue altar of Sif Muna.
  6023 | D:7      | Reached skill level 5 in Evocations
  6508 | D:8      | Reached skill level 1 in Armour
  6603 | D:8      | Reached XP level 10. HP: 51/51 MP: 14/14
  6625 | D:8      | Noticed Harold
  6655 | D:8      | Reached skill level 5 in Invocations
  6660 | D:8      | Killed Harold
  6660 | D:8      | Reached skill level 5 in Polearms
  6865 | D:8      | Got an iridescent quarterstaff
  6871 | D:8      | Identified the +8 quarterstaff "Neagh" {distort, *Slow
                  | rElec rPois Int+2} (You found it on level 8 of the Dungeon)
  7070 | D:8      | Noticed a two-headed ogre
  7078 | D:8      | Killed a two-headed ogre
  7078 | D:8      | Reached skill level 6 in Fighting
  7226 | D:9      | Identified the +5 ring mail of Pantheism {Str+2} (You found
                  | it on level 6 of the Dungeon)
  7392 | D:9      | Noticed a deep elf mage
  7393 | D:9      | Found a glowing silver altar of Zin.
  7396 | D:9      | Found a transporter.
  7404 | D:9      | Noticed a wizard
  7406 | D:9      | Noticed a deep elf archer
  7409 | D:9      | Found a transporter.
  7541 | D:10     | Entered Level 10 of the Dungeon
  7563 | D:10     | Noticed a two-headed ogre
  7571 | D:10     | Killed a two-headed ogre
  7609 | D:10     | Found a shadowy altar of Dithmenos.
  7657 | D:10     | Found Paocyn's Assorted Antiques.
  7660 | D:10     | Bought a scroll of identify for 64 gold pieces
  7660 | D:10     | Bought an ancient scale mail for 288 gold pieces
  7660 | D:10     | Bought a pair of pitted gloves for 304 gold pieces
  7670 | D:10     | Identified the +1 pair of gloves "Aqaki" {rCorr} (You
                  | bought it in a shop on level 10 of the Dungeon)
  7680 | D:10     | Identified the +6 scale mail "Saxzybe" {*Slow rPois Str+8
                  | Stlth-} (You bought it in a shop on level 10 of the
                  | Dungeon)
  7746 | D:10     | Reached skill level 5 in Throwing
  7803 | D:10     | Killed an unseen horror
  7803 | D:10     | Reached XP level 11. HP: 51/58 MP: 16/16
  8116 | D:11     | Reached ****** piety under Uskayaw
  8127 | D:11     | Reached skill level 7 in Fighting
  8130 | D:11     | Found a staircase to the Lair.
  8704 | Lair:1   | Entered Level 1 of the Lair of Beasts
  9096 | Lair:1   | Noticed Nergalle
  9278 | Lair:1   | Reached skill level 5 in Shields
  9308 | Lair:1   | Gained mutation: You heal very quickly. [Vine Stalker
                  | growth]
  9308 | Lair:1   | Reached XP level 12. HP: 50/64 MP: 17/18
  9760 | Lair:2   | Reached skill level 8 in Fighting
  9845 | Lair:2   | Found a staircase to the Snake Pit.
  9904 | Lair:2   | Noticed a five-headed hydra
  9917 | Lair:2   | Killed a five-headed hydra
 10855 | Lair:3   | Identified Laloit's Tome of Destructive Transmutation
 11616 | Lair:4   | Reached skill level 5 in Armour
 11823 | Lair:4   | Noticed an eight-headed hydra
 11829 | Lair:4   | Killed an eight-headed hydra
 11836 | Lair:4   | Noticed a seven-headed hydra
 11851 | Lair:4   | Killed a seven-headed hydra
 12141 | Lair:4   | Reached XP level 13. HP: 61/70 MP: 17/20
 12152 | Lair:4   | Reached skill level 9 in Fighting
 12456 | Lair:4   | Found a staircase to the Swamp.
 12651 | Lair:5   | Found an ornate altar of the Wu Jian Council.
 13076 | Lair:5   | Found a viscous altar of Jiyva.
 13077 | Lair:5   | Found a staircase to the Slime Pits.
 13357 | Lair:5   | Noticed a dire elephant
 13364 | Lair:5   | Killed a dire elephant
 13452 | Lair:6   | Entered Level 6 of the Lair of Beasts
 13887 | Lair:6   | Reached XP level 14. HP: 68/76 MP: 21/21
 14019 | Lair:6   | Reached skill level 10 in Fighting
 14788 | Lair:6   | Found a large runed translucent door.
 14789 | Lair:6   | Found a large runed translucent door.
 15692 | D:12     | Reached skill level 10 in Polearms
 15757 | D:12     | Identified a scroll of acquirement
 15786 | D:12     | Found a staircase to the Orcish Mines.
 16444 | D:13     | Found a gate to the Vaults.
 16754 | D:13     | Reached XP level 15. HP: 70/81 MP: 23/23
 17716 | D:14     | Noticed Frances
 17748 | D:14     | Killed Frances
 17785 | D:14     | Reached skill level 11 in Fighting
 18481 | D:15     | Entered Level 15 of the Dungeon
 18511 | D:15     | Identified Roxanne's Reference Book on Stones
 18511 | D:15     | Noticed Roxanne
 18637 | D:15     | Found a frozen archway.
 18640 | D:15     | Found an opulent altar of Gozag.
 18640 | D:15     | Found Gozag's Platinum Reserve.
 18695 | IceCv    | Entered an ice cave
 19315 | D:15     | Found a staircase to the Depths.
 19689 | D:15     | Reached skill level 10 in Invocations
 19698 | D:15     | Reached skill level 10 in Shields
 20179 | Orc:1    | Entered Level 1 of the Orcish Mines
 20383 | Orc:1    | Found a dark tunnel.
 20436 | Orc:2    | Entered Level 2 of the Orcish Mines
 20436 | Orc:2    | Found a staircase to the Elven Halls.
 20502 | Orc:2    | Noticed Rupert
 20518 | Orc:2    | Killed Rupert
 20609 | Orc:2    | Reached XP level 16. HP: 71/88 MP: 24/24
 21077 | Orc:2    | Found Gilaz's Antique Armour Emporium.
 21077 | Orc:2    | Found Yneraet's Food Shop.
 21079 | Orc:2    | Found Idefrul's Assorted Antiques.
 21079 | Orc:2    | Found Suoseug's Antique Weapon Shop.
 21085 | Orc:2    | Bought a glowing plate armour for 832 gold pieces
 21453 | Swamp:1  | Entered Level 1 of the Swamp
 21999 | Swamp:1  | Noticed Kirke
 22017 | Swamp:1  | Killed Kirke
 22215 | Swamp:1  | Noticed a thorn hunter
 22231 | Swamp:1  | Killed a thorn hunter
 22358 | Swamp:2  | Reached skill level 5 in Dodging
 22548 | Swamp:2  | Found a shadowy altar of Dithmenos.
 22830 | Swamp:2  | Noticed a thorn hunter
 22843 | Swamp:2  | Reached skill level 12 in Fighting
 22881 | Swamp:2  | Killed a thorn hunter
 23796 | Swamp:4  | Entered Level 4 of the Swamp
 23809 | Swamp:4  | Reached XP level 17. HP: 84/93 MP: 25/25
 24010 | Swamp:4  | Reached skill level 10 in Armour
 24205 | Swamp:4  | Got a decaying rune of Zot
 24546 | Snake:1  | Entered Level 1 of the Snake Pit
 24587 | Snake:1  | Found Qadiren's Assorted Antiques.
 24598 | Snake:1  | Bought an iron wand for 140 gold pieces
 24631 | Snake:1  | Noticed Aizul
 24648 | Snake:1  | Killed Aizul
 24869 | Snake:1  | Found Ifaox's Gadget Shop.
 24872 | Snake:1  | Bought a wand of iceblast (9) for 156 gold pieces
 24872 | Snake:1  | Bought a wand of iceblast (14) for 216 gold pieces
 24872 | Snake:1  | Bought a sack of spiders for 240 gold pieces
 24872 | Snake:1  | Bought a wand of iceblast (8) for 144 gold pieces
 24960 | Snake:1  | Found Higy's Gadget Shop.
 24975 | Snake:1  | Bought a wand of paralysis (6) for 96 gold pieces
 25065 | Snake:1  | Found a sparkling altar of Nemelex Xobeh.
 25464 | Snake:2  | Noticed Agnes
 25468 | Snake:2  | Noticed Vashnia
 25471 | Snake:2  | Killed Agnes
 25753 | Snake:2  | Killed Vashnia
 25871 | Snake:2  | Reached XP level 18. HP: 94/99 MP: 27/27
 25976 | Snake:2  | Found a runed translucent gate.
 25990 | Snake:2  | Found a runed translucent gate.
 25990 | Snake:2  | Found an opulent altar of Gozag.
 25991 | Snake:2  | Found a runed translucent gate.
 25993 | Snake:2  | Noticed Liforeniyw's ghost (adept MiBe)
 25994 | Snake:2  | Found Cuig's Assorted Antiques.
 26241 | Snake:2  | Reached skill level 10 in Evocations
 26432 | Snake:2  | Reached skill level 13 in Fighting
 26538 | Snake:2  | Noticed Azrael
 26571 | Snake:2  | Killed Azrael
 27426 | Snake:3  | Noticed Asterion
 27441 | Snake:3  | Killed Asterion
 27452 | Snake:3  | Got an encrusted quarterstaff
 27669 | Snake:4  | Entered Level 4 of the Snake Pit
 28052 | Snake:4  | Found Bisih's Jewellery Boutique.
 28159 | Snake:4  | Reached XP level 19. HP: 99/105 MP: 22/28
 28376 | Snake:4  | Identified the +6 quarterstaff "Ecweasch" {venom, rF- rN++
                  | SInv Stlth+} (You found it on level 3 of the Snake Pit)
 28614 | Snake:4  | Got a serpentine rune of Zot
 28920 | Vaults:1 | Entered Level 1 of the Vaults
 28951 | Vaults:1 | Noticed Nikola
 29077 | Vaults:1 | Reached skill level 10 in Throwing
 29472 | Vaults:1 | Killed Nikola
 29546 | Vaults:1 | Found Poharaiz's Weapon Boutique.
 30042 | Vaults:1 | Learned a level 1 spell: Summon Butterflies
 30044 | Vaults:1 | Learned a level 1 spell: Apportation
 30046 | Vaults:1 | Learned a level 1 spell: Corona
 30048 | Vaults:1 | Learned a level 1 spell: Flame Tongue
 30050 | Vaults:1 | Learned a level 1 spell: Infusion
 30052 | Vaults:1 | Learned a level 1 spell: Sandblast
 30055 | Vaults:1 | Learned a level 2 spell: Passwall
 30058 | Vaults:1 | Learned a level 2 spell: Song of Slaying
 30061 | Vaults:1 | Learned a level 2 spell: Swiftness
 30065 | Vaults:1 | Learned a level 3 spell: Conjure Flame
 30068 | Vaults:1 | Learned a level 2 spell: Poisonous Vapours
 30071 | Vaults:1 | Learned a level 2 spell: Shroud of Golubria
 30074 | Vaults:1 | Learned a level 2 spell: Slow
 30561 | Vaults:1 | Bought 16 sling bullets for 136 gold pieces
 30646 | Vaults:2 | Reached skill level 14 in Fighting
 30646 | Vaults:2 | Reached skill level 1 in Charms
 30657 | Vaults:2 | Learned a level 1 spell: Confusing Touch
 30718 | Vaults:2 | Reached skill level 1 in Summonings
 30807 | Vaults:2 | Reached skill level 1 in Hexes
 30815 | Vaults:2 | Reached XP level 20. HP: 100/111 MP: 30/30
 31994 | Vaults:3 | Found a staircase to the Crypt.
 32427 | Vaults:3 | Found Gocoug's Food Shoppe.
 33394 | Vaults:4 | Got a brightly glowing longbow
 33403 | Vaults:4 | Identified the +10 longbow of Triumph {freeze, rN+++ MR+
                  | Str+2 Int-5} (You found it on level 4 of the Vaults)
 33478 | Vaults:4 | Identified the +3 arbalest of Jarib {elec, Str+4}
 33541 | Vaults:4 | Noticed Frederick
 33548 | Vaults:4 | Killed Frederick
 33593 | Vaults:4 | Reached skill level 1 in Bows
 33702 | Vaults:4 | Reached XP level 21. HP: 109/116 MP: 25/31
 34180 | Depths:1 | Entered Level 1 of the Depths
 34210 | Depths:1 | Found a runed translucent door.
 34393 | Depths:1 | Found a gateway to Hell.
 34487 | Depths:1 | Got a faintly glowing granite ring
 34509 | Depths:1 | Found a gateway to a ziggurat.
 34514 | Depths:1 | Reached skill level 5 in Spellcasting
 34762 | Depths:2 | Found a one-way gate leading to the halls of Pandemonium.
 35452 | Depths:2 | Noticed a golden dragon
 35479 | Depths:2 | Reached skill level 5 in Charms
 35487 | Depths:2 | Killed a golden dragon
 35487 | Depths:2 | Reached skill level 5 in Hexes
 35549 | Depths:2 | Learned a level 1 spell: Animate Skeleton
 35607 | Depths:2 | Noticed a juggernaut
 35652 | Depths:2 | Killed a juggernaut
 35652 | Depths:2 | Reached skill level 1 in Necromancy
 35898 | Depths:2 | Identified the ring of Checkmate {Str+4 Int-4 Dex+3 Stlth+}
                  | (You found it on level 1 of the Depths)
 36077 | Depths:2 | Found a one-way gate to the infinite horrors of the Abyss.
 36367 | Depths:3 | Learned a level 3 spell: Spectral Weapon
 36371 | Depths:3 | Learned a level 3 spell: Regeneration
 36575 | Depths:3 | Reached XP level 22. HP: 112/121 MP: 27/32
 36756 | Depths:3 | Found Becziph's Food Shoppe.
 36759 | Depths:3 | Found Vymi's Jewellery Emporium.
 36759 | Depths:3 | Found Itasm's Distillery.
 36805 | Depths:3 | Found Miobb's General Store.
 36809 | Depths:3 | Bought an uncursed ring of see invisible for 255 gold
                  | pieces
 36814 | Depths:3 | Bought a potion of haste for 150 gold pieces
 36814 | Depths:3 | Bought the ring "Wiolao" {+Fly MP+9 Stlth+} for 478 gold
                  | pieces
 36814 | Depths:3 | Bought a scroll of teleportation for 45 gold pieces
 36855 | Depths:3 | Bought a potion of agility for 88 gold pieces
 37208 | Depths:3 | Identified the +5 longbow of Intimidation {flame, +Fly
                  | Int-4 Stlth+}
 37755 | Depths:4 | Found an ornate altar of the Wu Jian Council.
 37849 | Depths:4 | Reached skill level 1 in Transmutations
 38004 | Depths:4 | Found a runed translucent gate.
 38004 | Depths:4 | Found a runed translucent gate.
 38004 | Depths:4 | Found a runed translucent gate.
 38139 | Depths:4 | Paralysed by a floating eye for 3 turns
 38398 | Depths:4 | Reached skill level 15 in Fighting
 38657 | Depths:4 | Got an encrusted hand crossbow
 38688 | Depths:4 | Found the +2 ratskin cloak {+Rats rPois rN+ Str-1 Int-1
                  | Dex+1}
 38733 | Depths:4 | Identified the +9 hand crossbow of False Accusations {elec,
                  | +Fly rPois rF+} (You found it on level 4 of the Depths)
 38939 | Depths:4 | Noticed a golden dragon
 38939 | Depths:4 | a golden dragon changed into a shadow dragon
 38972 | Depths:5 | Entered Level 5 of the Depths
 39152 | Depths:5 | Noticed an ancient lich
 39162 | Depths:5 | HP: 3/122 [disintegration (13)]
 39314 | Depths:5 | Found a gate to the Realm of Zot.
 39869 | Vaults:4 | Paralysed by a floating eye for 4 turns
 39918 | Vaults:4 | Reached XP level 23. HP: 121/126 MP: 29/35
 40037 | Vaults:4 | Found Iteruewn's Weapon Boutique.
 40082 | Vaults:4 | Reached skill level 5 in Necromancy
 40103 | Vaults:4 | Reached skill level 10 in Dodging
 40788 | Slime:1  | Entered Level 1 of the Pits of Slime
 41407 | Slime:3  | Gained mutation: Your magical capacity is low. (-10% MP) [a
                  | shining eye]
 41409 | Slime:3  | Gained mutation: You are weak. (Str -2) [a shining eye]
 41465 | Slime:3  | Gained mutation: You have supernaturally acute eyesight.
                  | (SInv) [a shining eye]
 41467 | Slime:3  | Gained mutation: You are frail. (-10% HP) [a shining eye]
 41712 | Slime:4  | Gained mutation: Armour fits poorly on your strangely
                  | shaped body. [a shining eye]
 41712 | Slime:4  | Lost mutation: You have supernaturally acute eyesight.
                  | (SInv) [a shining eye]
 41726 | Slime:4  | Gained mutation: You are very frail. (-20% HP) [a shining
                  | eye]
 41803 | Slime:4  | Learned a level 2 spell: Blink
 41808 | Slime:4  | Learned a level 4 spell: Cause Fear
 41813 | Slime:4  | Learned a level 4 spell: Animate Dead
 41820 | Slime:4  | Learned a level 3 spell: Tukima's Dance
 41869 | Slime:4  | Gained mutation: You are dopey. (Int -2) [a shining eye]
 42065 | Slime:5  | Entered Level 5 of the Pits of Slime
 42746 | Slime:5  | Reached skill level 1 in Translocations
 42791 | Slime:5  | Noticed the Royal Jelly
 43247 | Slime:5  | Reached XP level 24. HP: 101/105 MP: 26/33
 44068 | Vaults:5 | Entered Level 5 of the Vaults
 44299 | Vaults:5 | Found Yffygoiq's Book Boutique.
 44302 | Vaults:5 | Noticed Jory
 44418 | Vaults:5 | Killed Jory
 44938 | Vaults:5 | Identified the +6 chain mail of Plasticity {Int+3 Stlth+}
 44946 | Vaults:5 | Identified the +8 mace of Hueczut {protect, rN+ MR+}
 44948 | Vaults:5 | Identified the ring "Ywkoipoh" {Ice Int-4 Dex+6}
 44955 | Vaults:5 | Noticed an ancient lich
 44969 | Vaults:5 | Noticed an ancient lich
 44969 | Vaults:5 | HP: 2/106 [tengu reaver/bolt of lightning (24)]
 44974 | Vaults:5 | HP: 5/106 [ancient lich (5)]
 44977 | Vaults:5 | Killed from afar by an ancient lich

Levels and vault maps discovered:
D:1:      wander_arrival_lonely_grave, layout_loops_ring
D:2:      layout_basic, uniq_sigmund, uniq_crazy_yiuf_cottage, uniq_robin
D:3:      layout_rooms, gammafunk_temple_overflow_statue,
          lemuel_coloured_pillars_altar, uniq_natasha
D:4:      layout_basic, eat_drink_and_be_merry_uskayaw, portal_sewer_entry_a,
          first_ration, minmay_misc_feat_alley
D:5:      layout_loops_corners, slow_altar_2, gammafunk_temple_overflow_pools
D:6:      layout_loops_ring, marbit_many_paths,
          minmay_temple_entry_stoned_glass, kennysheep_generic_room_6
D:7:      layout_loops_corners, lemuel_crystal_altar, overflow_temple_1_default,
          nicolae_ru_sacrificial_ziggurat, fedhas_altar_1, uniq_menkaure,
          uniq_pikel
D:8:      layout_basic, uniq_harold
D:9:      layout_rooms, gammafunk_temple_overflow_arena
D:10:     layout_cave_pools, serial_shops, nicolae_shop_behind_doors,
          nicolae_dithmenos_through_a_glass_darkly
D:11:     layout_roguey, minmay_lair_entry_grove
D:12:     layout_basic, erik_orc_3
D:13:     kennysheep_windowed_halls, layout_loops_ring, erik_vaults_2
D:14:     layout_layer_cave, uniq_frances
D:15:     hangedman_depths_entry_civil_slaughter, layout_basic,
          nicolae_gozag_zags_fifth_avenue, portal_ice_cave_entry_pillars_1,
          special_room [special_room_mythical_zoo], uniq_roxanne
Lair:1:   minmay_lair_oklob_tunnel, layout_chaotic_city, st_stairs_4,
          chequers_serial_rivers_micro_c, fungi_pond_lemuel, uniq_nergalle
Lair:2:   layout_chaotic_city, minmay_snake_entry_guardpost_medium, minivault_24
Lair:3:   layout_layer_cave, minivault_23
Lair:4:   layout_big_grid, palyth_hydra_swamp_entry, infiniplex_staircase_pool,
          grunt_megastairs_3, lemuel_fruit_tree, minmay_lair_oklob_chamber,
          lemuel_fruit_fields
Lair:5:   beast_lair_carwin_large_2, layout_regular_city,
          dpeg_slime_entry_enclosed_altar, basic_altar,
          eino_small_chamber_without_monster, minmay_lair_oklob_bushes
Lair:6:   cheibrodos_lair_end_hotspot, layout_layer_cave, minmay_lair_drake_nest
Swamp:1:  layout_basic_swamp, serial_swamp_ruin, evilmike_swamp_ruin_house_5,
          hangedman_swamp_ruin_hall, hangedman_swamp_ruin_wall, swamp_pool2,
          nicolae_swamp_orc_logging_accident, infiniplex_staircase_pool_2,
          uniq_kirke
Swamp:2:  layout_falls_marsh, lemuel_altar_in_water, swamp_pool1,
          nicolae_swamp_very_dense_foliage
Swamp:3:  layout_basic_swamp, evilmike_swamp_ruin_house_4
Swamp:4:  swamp_basic_johnstein, layout_basic_swamp, uniq_louise
Snake:1:  layout_rooms, basic_altar, serial_shops, nicolae_shop_window_shopping,
          shop, nicolae_shop_behind_doors, uniq_aizul
Snake:2:  nicolae_snakescales, layout_grid_shapes, ebering_ghost_gozag,
          st_stairs_12, drop_trap, uniq_azrael, uniq_agnes, uniq_vashnia
Snake:3:  layout_rooms, special_room, uniq_asterion
Snake:4:  johnstein_snake_rune_scales, layout_cave_town, basic_altar,
          grunt_ministairs_15, serial_bayou_shore_b, minmay_shop_star
Slime:1:  layout_caves
Slime:2:  layout_caves, basic_altar
Slime:3:  layout_caves
Slime:4:  layout_caves
Slime:5
Orc:1:    layout_caves, nicolae_volcano_entry_two_sided
Orc:2:    grunt_orc_tribal_feast, layout_caves, nicolae_orc_rich_vein,
          uniq_rupert
Vaults:1: nicolae_vaults_twisting_passages,
          vaults_standard_mumra_enter_the_diamond, ontoclasm_vaults_twist,
          v_misc_25, vaults_room_stairs_pillars, grunt_vaults_funnel,
          layout_vaults_quadrants, serial_shops, nicolae_shop_window_shopping,
          uniq_nikola
Vaults:2: nicolae_vaults_puzzle_piece, v_rooms_1, ontoclasm_vaults_ligature,
          nicolae_vaults_what_the_h, nicolae_vaults_sealed_display,
          layout_vaults_chaotic_city
Vaults:3: nicolae_vaults_theta, ontoclasm_vaults_idyll,
          grunt_vaults_hallway_short, nicolae_vaults_triangles,
          minmay_crypt_entry_skeletal_spiral, nicolae_vaults_angled_halls,
          v_misc_24, v_misc_24, ontoclasm_vaults_ring_square,
          hangedman_vaults_restitches, vaults_dpeg_spiral, vaults_room_corners,
          layout_vaults_omnicross, serial_shops, shop
Vaults:4: nicolae_vaults_hallways_thing, vaults_room_glass_cross,
          vaults_room_grid, v_pattern_4, nicolae_vaults_yaktaur_gun_rack,
          hangedman_vaults_corner_blocks, v_misc_30,
          vaults_mumra_minichess_inversion, nicolae_vaults_little_squares_5,
          v_misc_16, dpeg_vaults_monster_box, layout_vaults_omnibox,
          uniq_frederick
Vaults:5: uniq_jory
Depths:1: layout_cave_pools, enter_ziggurat_c, fountainhead, hell_entry,
          serial_shops, bzr_entry_islet, minmay_crystal_box,
          serial_bayou_shore_b, minmay_shop_grove, serial_bayou_shore_b
Depths:2: minmay_three_patterns, layout_cave_shapes, minmay_room_of_horrors,
          grunt_hell_entry_dis_mu, pan_entry, grunt_megastairs_4
Depths:3: lemuel_flame_loot_2, layout_gridlike, grunt_hell_entry_demonic_statue,
          chequers_serial_rivers_small_b, grunt_pan_entry_spiral, abyss_entry,
          minmay_shoptagon
Depths:4: minmay_fractal_lines_corner, layout_basic, old_standard_altar,
          hangedman_coc_ice_floe, abyss_entry, pandoras_box_mu,
          grunt_megastairs_2
Depths:5: evilmike_zot_entry_argh, layout_cave_shapes, mu_enter_wizlab_3,
          minmay_misc_feat_rows, hangedman_geh_valley, abyss_entry,
          minmay_librarian, uniq_enchantress

Skill      XL: |  1  2  3  4  5  6  7  8  9 10 11 12 13 14 15 16 17 18 19 20 21 22 23 24 |
---------------+-------------------------------------------------------------------------+-----
Fighting       | 1 2 3 4 5 6 7 8 9 10 11 12 13 14 15 | 15.8
Short Blades   | 1 2 |  2.6
Stealth        | 2 3 4 |  4.1
Unarmed Combat | 1 |  1.2
Spellcasting   | 1 2 4 6 7 9 |  9.8
Evocations     | 3 4 5 6 7 8 9 10 11 12 | 12.0
Polearms       | 1 3 4 6 7 8 9 10 11 12 13 | 13.1
Throwing       | 1 3 4 5 6 7 8 9 10 | 10.2
Dodging        | 2 3 4 5 6 7 8 9 10 | 10.5
Invocations    | 1 3 4 6 7 8 9 10 11 12 | 12.6
Shields        | 1 2 3 4 5 6 8 9 10 11 12 13 14 | 14.7
Armour         | 1 3 4 5 6 8 9 10 11 12 | 12.8
Charms         | 1 4 5 7 8 9 |  9.4
Summonings     | 1 4 |  4.9
Hexes          | 1 4 5 7 8 |  8.9
Bows           | 1 3 |  3.7
Necromancy     | 2 4 6 7 |  7.7
Transmutations | 2 |  2.9
Translocations | 2 4 |  4.2
Slings         | |  0.6

Action                   |  1- 3 |  4- 6 |  7- 9 | 10-12 | 13-15 | 16-18 | 19-21 | 22-24 || total
-------------------------+-------+-------+-------+-------+-------+-------+-------+-------++-------
Melee: Short sword       |    50 |       |       |       |       |       |       |       ||    50
       Bite              |    10 |    22 |    70 |   136 |   440 |   433 |   598 |   818 ||  2527
       Scythe            |       |    96 |       |       |       |       |       |       ||    96
       Dagger            |       |       |    58 |       |       |       |       |       ||    58
       Rapier            |       |       |    25 |       |       |       |       |       ||    25
       Spear             |       |       |   203 |   555 |  1236 |  1359 |  1268 |  1690 ||  6311
       Headbutt          |       |       |    12 |   107 |   281 |   313 |   441 |   556 ||  1710
       Demon trident     |       |       |       |       |       |   131 |   242 |       ||   373
 Fire: Fustibalus        |       |     5 |     1 |       |       |       |     6 |       ||    12
Throw: Boomerang         |     6 |    28 |    57 |   101 |   144 |   217 |   117 |   104 ||   774
       Dart              |       |       |       |    15 |    14 |    20 |    18 |       ||    67
       Throwing net      |       |       |       |       |     3 |     1 |       |       ||     4
       Javelin           |       |       |       |       |    12 |    86 |    13 |     6 ||   117
 Cast: Confusing Touch   |       |       |       |       |       |       |    35 |   102 ||   137
       Song of Slaying   |       |       |       |       |       |       |    16 |    43 ||    59
       Summon Butterflie |       |       |       |       |       |       |     3 |    10 ||    13
       Infusion          |       |       |       |       |       |       |    16 |    36 ||    52
       Regeneration      |       |       |       |       |       |       |     4 |    82 ||    86
       Swiftness         |       |       |       |       |       |       |     2 |     6 ||     8
       Spectral Weapon   |       |       |       |       |       |       |     1 |    37 ||    38
       Shroud of Golubri |       |       |       |       |       |       |     1 |    42 ||    43
       Slow              |       |       |       |       |       |       |       |     1 ||     1
       Blink             |       |       |       |       |       |       |       |    10 ||    10
       Cause Fear        |       |       |       |       |       |       |       |     3 ||     3
Invok: Stomp             |       |       |    23 |     6 |    14 |    13 |     8 |     6 ||    70
       Line Pass         |       |       |     3 |     8 |    23 |    10 |     7 |     8 ||    59
       Grand Finale      |       |       |       |     1 |       |     6 |     3 |     4 ||    14
 Abil: Evoke Ratskin     |       |       |       |       |       |       |       |     1 ||     1
Evoke: Wand              |     8 |     7 |    12 |    40 |    40 |    31 |    44 |    15 ||   197
       Box of beasts     |       |       |       |       |     2 |     1 |       |       ||     3
       Sack of spiders   |       |       |       |       |       |     8 |       |       ||     8
       Crystal ball of e |       |       |       |       |       |       |     1 |     1 ||     2
       Lamp of fire      |       |       |       |       |       |       |       |     6 ||     6
       Phantom mirror    |       |       |       |       |       |       |       |     1 ||     1
       Fan of gales      |       |       |       |       |       |       |       |     5 ||     5
  Use: Potion            |     5 |       |     5 |     6 |     6 |    13 |       |     8 ||    43
       Scroll            |       |     2 |    13 |    12 |    19 |    27 |    10 |    16 ||    99
 Stab: Sleeping          |     4 |     3 |       |     1 |       |       |       |       ||     8
       Paralysed         |       |       |    10 |    33 |    95 |   160 |   179 |   188 ||   665
       Confused          |       |       |       |     2 |    11 |     7 |    25 |    84 ||   129
       Held in net/web   |       |       |       |       |     7 |       |       |       ||     7
       Distracted        |       |       |       |       |     3 |     1 |       |     7 ||    11
       Invisible         |       |       |       |       |       |     3 |       |       ||     3
  Eat: Chunk             |     1 |     1 |       |     4 |       |     1 |    10 |       ||    17
       Ration            |       |     1 |     6 |     6 |    10 |    11 |     7 |    12 ||    53
Armor: Leather armour    |    18 |    27 |       |       |       |       |       |       ||    45
       Scale mail        |       |    21 |    25 |       |       |       |       |       ||    46
       Chain mail        |       |       |    49 |    98 |   196 |   227 |   139 |   328 ||  1037
       Skin              |       |       |     1 |     5 |       |       |       |       ||     6
       Ring mail         |       |       |       |    42 |       |       |       |       ||    42
Dodge: Dodged            |    47 |    57 |    32 |    70 |   123 |   230 |   115 |   234 ||   908
Block: Shield            |       |       |   104 |   174 |   239 |   368 |   357 |   678 ||  1920
       Reflection        |       |       |     3 |     8 |     6 |    67 |    73 |    50 ||   207
       Buckler           |       |       |       |       |       |    38 |       |       ||    38
